 Dungeon Crawl Stone Soup version 0.17-a0-776-gd86b262 (webtiles) character file.

51 Hanyuu the Insei (level 3, -2/23 HPs)
             Began as an Octopode Transmuter on Apr 24, 2015.
             Slain by Sigmund
             ... wielding a +0 scythe
              (14 damage)
             ... on level 2 of the Dungeon.
             The game lasted 00:02:53 (1469 turns).

Hanyuu the Insei (Octopode Transmuter)              Turns: 1469, Time: 00:02:53

Health: -2/23      AC:  1    Str:  9    XL:     3   Next: 81%
Magic:  6/6        EV: 12    Int: 15    God:
Gold:   58         SH:  0    Dex: 13    Spells: 3 memorised, 0 levels left

rFire  . . .     SeeInvis .       - Unarmed
rCold  . . .     Clarity  .     (no shield)
rNeg   . . .     SustAb   .     (helmet restricted)
rPois  .         Gourm    .     (no amulet)
rElec  .         Spirit   .     (no ring)
rCorr  .         Warding  .     (no ring)
rMut   .         Stasis   .     (no ring)
MR     .....                    (no ring)
Stlth  ++........               (no ring)
                                (no ring)
                                (no ring)
                                (no ring)

@: not resistant to hostile enchantments, unstealthy
A: almost no armour, amphibious, 8 rings, constrict 8, camouflage 1, gelatinous
body 1
a: no special abilities


You were on level 2 of the Dungeon.
You were not hungry.

You visited 1 branch of the dungeon, and saw 2 of its levels.

You collected 58 gold pieces.

Inventory:

Missiles
 a - 12 arrows
Scrolls
 d - a scroll of fear {unknown}
 e - a scroll of recharging {unknown}
 g - a scroll of remove curse {unknown}
 h - a scroll of teleportation {unknown}
Books
 b - a book of Changes

   Spells                             Type                      Level
   a - Beastly Appendage              Transmutation                1
   b - Sticks to Snakes               Transmutation                2
   c - Spider Form                    Transmutation/Poison         3
   d - Ice Form                       Ice/Transmutation            4
   e - Blade Hands                    Transmutation                5
Comestibles
 c - 2 bread rations
 f - a meat ration
 i - 4 chunks of flesh


   Skills:
 - Level 1.0 Fighting
 - Level 2.0 Dodging
 * Level 4.3 Unarmed Combat
 - Level 2.0 Spellcasting
 + Level 2.5 Transmutations


You couldn't memorise any spells.
You knew the following spells:

 Your Spells              Type           Power        Failure   Level  Hunger
a - Beastly Appendage     Trmt           #.....       10%         1    #......
b - Sticks to Snakes      Trmt           #.........   12%         2    ###....
c - Spider Form           Trmt/Pois      #.........   43%         3    ###....


Dungeon Overview and Level Annotations

Branches:
Dungeon (2/15)

Altars:

Annotations:
D:2 Sigmund


Innate Abilities, Weirdness & Mutations

You cannot wear most types of armour.
You are amphibious.
You can wear up to eight rings at the same time.
You can use your tentacles to constrict eight enemies at once.
Your skin changes colour to match your surroundings (Stealth).
Your rubbery body absorbs attacks (AC +1).


Message History

You barely miss the giant newt. Your grab misses the giant newt.
The giant newt bites you.
You completely miss the giant newt. Your grab misses the giant newt.
You squeeze the giant newt.
You kill the giant newt!
No target in view!
You see here a giant newt corpse.
Sigmund the Dreaded comes into view.
He is wielding a scythe.
Sigmund gestures wildly while chanting.
Sigmund flickers and vanishes!
Deactivating autopickup; reactivate with Ctrl-A.
No target in view!
Something barely misses you.
You miss something. You closely miss something. You squeeze something.
Something hits you.
You barely miss something. Your squeeze misses something. Something hits you.
You closely miss something. You closely miss something. Something hits you!
Ouch! That really hurt!
You die...

#.# #.# #.#
#.# ## #†#
#.# ....
#.# #.#
##..#.###
#.#
#.......###
#.#
#.........#
#.#
#..#..#.#.#
#.#
#..#..#.#@#
#.# ##
##.#.#{#
#.# ..#....
#.#
########
#.# #.# #.#
#.# #.# #.#


There were no monsters in sight!

Vanquished Creatures
  2 adders (D:2)
  An ooze (D:1)
  A worm (D:2)
  A giant cockroach (D:1)
  5 goblins
  4 hobgoblins (D:1)
  4 jackals (D:1)
  4 giant newts
  2 kobolds (D:1)
  5 rats
29 creatures vanquished.

Notes
Turn   | Place    | Note
--------------------------------------------------------------
     0 | D:1      | Hanyuu, the Octopode Transmuter, began the quest for the Orb.
     0 | D:1      | Reached XP level 1. HP: 13/13 MP: 3/3
    77 | D:1      | Reached XP level 2. HP: 13/18 MP: 5/5
   909 | D:1      | Reached XP level 3. HP: 23/23 MP: 6/6
   918 | D:1      | Learned a level 2 spell: Sticks to Snakes
   922 | D:1      | Learned a level 3 spell: Spider Form
   942 | D:1      | Reached skill level 4 in Unarmed Combat
  1462 | D:2      | Noticed Sigmund
  1469 | D:2      | Slain by Sigmund

Action                   || total
-------------------------++-------
Melee: Unarmed           ||    78
 Cast: Beastly Appendage ||     2
 Stab: Sleeping          ||     4
  Eat: Chunk             ||     2
